 Dungeon Crawl Stone Soup version 0.27.0-1-g7a089689b8 (webtiles) character file.

Game seed: 13809631147202140556

80 sasquatch the Firebug (level 4, 0/24 HPs)
             Began as a Deep Elf Fire Elementalist on Aug 2, 2021.
             Killed from afar by Natasha (10 damage)
             ... with a magic dart
             ... on level 2 of the Dungeon.
             The game lasted 00:07:30 (1976 turns).

sasquatch the Firebug (Deep Elf Fire Elementalist)  Turns: 1976, Time: 00:07:31

Health: 0/24       AC:  3    Str:  5    XL:     4   Next: 18%
Magic:  9/11       EV: 12    Int: 21    God:
Gold:   93         SH:  0    Dex: 15    Spells: 6/10 levels left

rFire    . . .     SeeInvis .   l - +2 hand axe (freeze)
rCold    . . .     Faith    .   (no shield)
rNeg     . . .     Spirit   .   a - +0 robe
rPois    .         Reflect  .   (no helmet)
rElec    .         Harm     .   (no cloak)
rCorr    .         Rampage  .   (no gloves)
Will     .....                  k - +0 pair of boots
Stlth    ++........             (no amulet)
HPRegen  0.08/turn              (no ring)
MPRegen  0.12/turn              (no ring)

@: slowed, very slow
A: no striking features
a: no special abilities


You were on level 2 of the Dungeon.
You visited 1 branch of the dungeon, and saw 2 of its levels.

You collected 93 gold pieces.

Inventory:

Hand Weapons
 l - a +2 hand axe of freezing (weapon)
Armour
 a - a +0 robe (worn)
 b - a +0 cloak
 k - a +0 pair of boots (worn)
Jewellery
 f - a ring of magical power
Scrolls
 c - a scroll of identify {unknown}
 d - a scroll of teleportation {unknown}
 e - 2 scrolls of magic mapping {unknown}
 g - a scroll of enchant weapon {unknown}
 i - a scroll of fog {unknown}
 j - a scroll of noise {unknown}
Potions
 h - 2 potions of heal wounds


   Skills:
 - Level 2.4 Dodging
 - Level 2.4 Stealth
 + Level 3.8 Spellcasting
 * Level 2.9 Conjurations
 * Level 4.3 Fire Magic


You had 6 spell levels left.
You knew the following spells:

 Your Spells              Type           Power      Damage    Failure   Level
a - Foxfire               Conj/Fire      76%        2x1d7     2%          1
b - Stone Arrow           Conj/Erth      20%        3d8       21%         3

Your spell library contained the following spells:

 Spells                   Type           Power      Damage    Failure   Level
 Conjure Flame            Conj/Fire      19%        6-21      9%          3
 Inner Flame              Hex/Fire       13%        N/A       16%         3
 Sticky Flame             Conj/Fire      19%        2d4       26%         4
 Gell's Gravitas          Tloc           2%         N/A       36%         3
 Lesser Beckoning         Tloc           2%         N/A       36%         3
 Teleport Other           Tloc           4%         N/A       36%         3
 Fireball                 Conj/Fire      9%         3d6       58%         5
 Animate Armour           Summ/Erth      8%         N/A       77%         4
 Lehudib's Crystal Spear  Conj/Erth      5%         10d3      100%        8


Dungeon Overview and Level Annotations

Branches:
Dungeon (2/15)

Altars:

Annotations:
D:2 1 exclusion, Natasha, Sigmund


Message History

You conjure some foxfire!
Natasha closely misses you.
Your foxfire dissipates!
The foxfire hits Natasha.
Natasha is moderately wounded.
Natasha claws you but does no damage.
Casting: Foxfire (safe; 2% risk of failure)
Press: ? - help, Q - select action Dir - look around, f - activate You miscast Foxfire.
You are very lightly contaminated with residual magic.
Nothing appears to happen.
Natasha closely misses you.
Casting: Foxfire (safe; 2% risk of failure)
Press: ? - help, Q - select action Dir - look around, f - activate You conjure some foxfire!
Natasha stares at you and mumbles some strange words.
You feel yourself slow down.
The foxfire hits Sigmund.
Sigmund is lightly wounded.
The foxfire hits Sigmund.
Sigmund is lightly wounded.
Natasha stares at you and mumbles some strange words.
The magic dart hits you. The crimson imp closely misses you.
The crimson imp closely misses you. The crimson imp hits you.
Natasha barely misses you.
Natasha stares at you and mumbles some strange words.
The magic dart hits you!
Your magical contamination has completely faded away.
Sigmund screams, "I am the angel of ZOT!!!"
Natasha stares at you and mumbles some strange words.
You feel as though you will be slow longer.
Sigmund casts a spell.
Sigmund flickers and vanishes!
Deactivating autopickup; reactivate with Ctrl-A.
Natasha wildly gestures.
Natasha's front paws start to glow.
Natasha misses you. Natasha casts a spell at you. The magic dart hits you!
You die...

#...................+....
#####'#######.......###.#
#.# ###.......# #.# #.#
#.......### #.# #.#
#.........# #.# #.#
#.........###.# #.#
#####.......).#
#.#########.#.#######
#>..@.h5.............
#############.#......
#.#.##### #.#.# #.#.#
#...@...#@# #.......#.#
#.......#.# #.......#.#


You could see Natasha and a crimson imp (summoned).

Vanquished Creatures
  Natasha (D:2)
  An adder (D:2)
  8 bats
  6 endoplasms
  2 giant cockroaches
  3 goblins
  6 hobgoblins
  3 jackals (D:1)
  A quokka (D:1)
  4 ball pythons
  2 kobolds (D:1)
  4 rats (D:1)
41 creatures vanquished.

Vanquished Creatures (others)
  134 foxfires
134 creatures vanquished.

Grand Total: 175 creatures vanquished

Notes
Turn   | Place    | Note
-------+----------+-------------------------------------------
     0 | D:1      | sasquatch the Deep Elf Fire Elementalist began the quest
                  | for the Orb.
     0 | D:1      | Reached XP level 1. HP: 10/10 MP: 6/6
   165 | D:1      | Reached XP level 2. HP: 10/15 MP: 2/8
   669 | D:1      | Found a faded altar of an unknown god.
   721 | D:1      | Reached XP level 3. HP: 19/19 MP: 7/9
  1015 | D:2      | Noticed Natasha
  1085 | D:2      | Reached skill level 4 in Fire Magic
  1226 | D:2      | Learned a level 3 spell: Stone Arrow
  1306 | D:2      | Noticed Sigmund
  1588 | D:2      | Killed Natasha
  1589 | D:2      | Reached XP level 4. HP: 24/24 MP: 3/11
  1962 | D:2      | Noticed Natasha
  1976 | D:2      | Killed from afar by Natasha

Illustrated notes

Levels and vault maps discovered:
D:1:      saegor_arrival_simple_e, layout_rooms,
          shapermc_ecumenical_altar_mp_vishouse
D:2:      layout_basic, minmay_tetromino_i4, uniq_sigmund, uniq_natasha

Skill      XL: |  1  2  3 |
---------------+----------+-----
Conjurations   | 2 |  2.9
Fire Magic     | 4 |  4.3
Dodging        | |  2.4
Stealth        | |  2.4
Spellcasting   | |  3.8

Action                   |  1- 3 |  4- 6 || total
-------------------------+-------+-------++-------
Melee: Short sword       |     3 |       ||     3
 Cast: Foxfire           |    87 |     4 ||    91
       Stone Arrow       |     1 |       ||     1
  Use: Potion            |       |     1 ||     1
Armor: Robe              |     9 |     1 ||    10
Dodge: Dodged            |    35 |     6 ||    41
